 Dungeon Crawl Stone Soup version bcrawl-1.27.3 (webtiles) character file.

Game seed: 4678759642181560146

119795 esc the Skirmisher (level 5, 0/47 HPs)
             Began as a Hill Orc Archaeologist on Oct 16, 2020.
             Was an Initiate of Okawaru.
             Succumbed to a worker ant's poison
             ... on level 4 of the Dungeon.
             The game lasted 00:04:43 (3257 turns).

esc the Skirmisher (Hill Orc Archaeologist)         Turns: 3257, Time: 00:04:44

Health: 0/47       AC:  9    Str: 14 (15) XL:     5   Next: 42%
Magic:  5/5        EV: 16    Int:  8 (11) God:    Okawaru [......]
Gold:   246        SH:  0    Dex: 12 (14) Spells: 4/4 levels left

rFire    . . .     SeeInvis .   o - -1 spear (curse)
rCold    . . .     Gourm    .   (no shield)
rNeg     + . .     Faith    .   i - +0 ring mail
rPois    .         Spirit   .   f - +2 hat "Uhaor" {rN+ MR+ Int-3}
rElec    +         Reflect  .   (no cloak)
rCorr    .         Harm     .   (no gloves)
MR       ++...                  d - +1 pair of boots
Stlth    ++........             q - amulet "Seum" {Inacc MR+} (curse)
HPRegen  0.15/turn              v - ring of insulation
MPRegen  0.09/turn              (no ring)

@: agile, lethally poisoned (0 -> -1), very slightly contaminated, hasted,
invisible, very quick
A: no striking features
a: Renounce Religion


You were on level 4 of the Dungeon.
You worshipped Okawaru.
Okawaru was noncommittal.
You were hungry.

You visited 1 branch of the dungeon, and saw 4 of its levels.

You collected 246 gold pieces.

Inventory:

Hand Weapons
 a - a +0 whip
 o - a cursed -1 spear (weapon)
Armour
 b - a +1 robe
 c - a +1 hat
 d - a +1 pair of boots (worn)
 f - the +2 hat "Uhaor" (worn) {rN+ MR+ Int-3}
   (You acquired it on level 3 of the Dungeon)

   It affects your intelligence (-3).
   It protects you from negative energy.
   It affects your resistance to hostile enchantments.
 i - a +0 ring mail (worn)
 t - the +2 robe of Absence {rCorr Int+3 Dex-4, unknown}
   (You found it on level 4 of the Dungeon)

   It affects your intelligence (+3).
   It affects your dexterity (-4).
   It provides partial protection from all sources of acid and corrosion.
Jewellery
 q - the cursed amulet "Seum" (around neck) {Inacc MR+}
   (You found it on level 2 of the Dungeon)

   [amulet of inaccuracy]

   It reduces the accuracy of all your attacks.
   It affects your resistance to hostile enchantments.
   It has a curse placed upon it.
 v - a ring of insulation (left hand)
Scrolls
 g - a scroll of magic mapping
 j - a scroll of fog
 l - 2 scrolls of teleportation
Potions
 h - 3 potions of flight
 k - a potion of brilliance
 m - 2 potions of berserk rage
Comestibles
 e - 5 rations {!d}


   Skills:
 + Level 4.5 Fighting
   Level 4.5 Short Blades
   Level 4.5 Long Blades
   Level 4.5 Axes
   Level 4.5 Maces & Flails
   Level 4.5 Polearms
   Level 4.5 Staves
 - Level 2.4 Dodging
 - Level 2.6 Stealth
   Level 4.5 Unarmed Combat


You had 4 spell levels left.
You didn't know any spells.
Your spell library was empty.

Dungeon Overview and Level Annotations

Branches:
Dungeon (4/12)
 Temple: D:4-7

Altars:
Okawaru


Message History

It was a potion of agility.
You feel agile all of a sudden.
You hear the brisk hiss of a distant avalanche of sand.
You feel sick. The orc hits you but does no damage.
It was a potion of haste.
You feel yourself speed up.
The orc hits you from afar with a +0 trident!
* * * LOW HITPOINT WARNING * * *
It was a potion of degeneration.
There was something very wrong with that liquid.
You feel weakened.
You feel dopey.
You feel clumsy.
It was a potion of invisibility.
You fade into invisibility!
The orc barely misses you.
You are very lightly contaminated with residual magic.
* * * LOW HITPOINT WARNING * * *
You feel sick.
The orc shouts!
You hear a shout! x2
* * * LOW HITPOINT WARNING * * *
You feel sick.
You die...

#.#.......#
#.....
#.###.#####
#..... #.# #.#
#..... #.# #.#
#..... ###.###.#
#..... #.......#
#..... #.#.#####
#..... #.#.#
##.... #.#@#
#.### #.#.# #.#
#.#.# #.# #.#.#
#.# #.#.# #.#
#.# #.# #.# #.#
#.# #.#
#.############.#


There were no monsters in sight!

Vanquished Creatures
  A worker ant (D:4)
  7 adders (D:3)
  An ooze (D:1)
  3 worms
  A leopard gecko (D:2)
  4 orcs (D:3)
  7 bats
  3 goblins
  9 hobgoblins
  8 jackals
  5 kobolds
  A quokka (D:2)
  5 frilled lizards
  4 rats
59 creatures vanquished.

Notes
Turn   | Place    | Note
-------+----------+-------------------------------------------
     0 | D:1      | esc the Hill Orc Archaeologist began the quest for the Orb.
     0 | D:1      | Reached XP level 1. HP: 16/16 MP: 1/1
    69 | D:1      | Reached skill level 2 in Fighting
   122 | D:1      | Reached XP level 2. HP: 16/24 MP: 2/2
   431 | D:1      | Found an iron altar of Okawaru.
   451 | D:1      | Reached XP level 3. HP: 30/30 MP: 3/3
   455 | D:1      | Became a worshipper of Warmaster Okawaru
   862 | D:2      | Reached skill level 3 in Fighting
  1165 | D:2      | Got a steaming silver amulet
  1656 | D:3      | Reached XP level 4. HP: 30/38 MP: 4/4
  2143 | D:3      | Reached skill level 4 in Fighting
  2148 | D:3      | Identified the cursed amulet "Seum" {Inacc MR+} (You found
                  | it on level 2 of the Dungeon)
  2385 | D:3      | Reached XP level 5. HP: 23/46 MP: 5/5
  2385 | D:3      | Identified a scroll of acquirement
  2386 | D:3      | Identified the +3 demon trident "Sauninui" {flame, *Noise
                  | rPois rC+ Int+4} (You acquired it on level 3 of the
                  | Dungeon)
  2386 | D:3      | Identified the +2 hat "Uhaor" {rN+ MR+ Int-3} (You acquired
                  | it on level 3 of the Dungeon)
  2943 | D:4      | Got a wizard robe
  3240 | D:4      | HP: 2/47 [orc/+0 trident (7)]
  3245 | D:4      | HP: 1/47 [poisoned by a worker ant]
  3251 | D:4      | HP: 1/47 [poisoned by a worker ant]
  3257 | D:4      | Succumbed to a worker ant's poison

Skill      XL: |  1  2  3  4 |
---------------+-------------+-----
Fighting       | 2 3 4 |  4.5
Short Blades   | |  4.5
Long Blades    | |  4.5
Axes           | |  4.5
Maces & Flails | |  4.5
Polearms       | |  4.5
Staves         | |  4.5
Dodging        | |  2.4
Stealth        | |  2.6
Unarmed Combat | |  4.5

Action                   |  1- 3 |  4- 6 || total
-------------------------+-------+-------++-------
Melee: Whip              |    65 |       ||    65
       Spear             |   125 |   294 ||   419
       Punch             |       |     2 ||     2
  Use: Scroll            |     3 |     5 ||     8
       Potion            |       |     4 ||     4
 Stab: Sleeping          |     4 |     2 ||     6
  Eat: Chunk             |     7 |    11 ||    18
Armor: Robe              |     8 |       ||     8
       Ring mail         |    43 |   106 ||   149
Dodge: Dodged            |    81 |   167 ||   248
